AoeStats
← RyanKW90

Arabia

509685576Analyzed
1v1 RM · 6d ago on Sep 27, 2026· 47m 45s· 2 players
Game mode
Random Map
Map size
Tiny (2 player)
Population
200
Speed
Normal
Resources
Standard
Victory
Conquest
Starting age
Dark Age
Ending age
Imperial Age
RankedLock teamsTeams togetherTeam positionsShared explorationLock speedFull tech treeHidden civsTurbo modeCheats
Victory
Defeat
🇸🇮 Mongols · Slovenia
908
+17
🇬🇧 Danes · United Kingdom
929
-17
DAKC THE GREAT
0:28 Loom
10:23 Feudal Age
12:35 Wheelbarrow
15:03 Horse Collar
21:20 Castle Age
20:17 Forging
20:33 Scale Barding Armor
21:15 Bloodlines
26:30 Gold Mining
27:58 Husbandry
29:53 Iron Casting
33:13 Chain Barding Armor
47:28 Gold Shaft Mining
RyanKW90
11:13 Feudal Age
16:03 Castle Age
14:22 Double-Bit Axe
16:48 Stone Mining
29:21 Horse Collar
30:04 Bow Saw
29:35 Pikeman
32:29 Forging
39:29 Scale Mail Armor
42:42 Imperial Age
Connection lost

Rejoining the realm…

Still unreachable

The connection could not be restored.

Session expired

The server has moved on; the page needs a fresh start.